 Dungeon Crawl Stone Soup version 0.28-a0-410-gbef64dd269 (webtiles) character file.

Game seed: 4983498842645093177

1117 ooooo the Jinx (level 8, -8/34 HPs)
             Began as a Felid Conjurer on Sept 7, 2021.
             Was an Initiate of Gozag.
             Shot with an arrow by a centaur warrior (23 damage)
             ... on level 8 of the Dungeon.
             The game lasted 00:24:25 (11204 turns).

ooooo the Jinx (Felid Conjurer)                    Turns: 11204, Time: 00:24:26

Health: -8/34      AC:  2    Str:  3    XL:     8   Next: 12%
Magic:  13/24      EV: 19    Int: 23    God:    Gozag
Gold:   917        SH:  0    Dex: 15    Spells: 0/15 levels left
                                        Lives:  0   Deaths: 3

rFire   . . .      SeeInvis +   (weapon unavailable)
rCold   . . .      Faith    .   (shield unavailable)
rNeg    . . .      Spirit   .   (armour unavailable)
rPois   .          Reflect  .   (helmet unavailable)
rElec   .          Harm     .   (cloak unavailable)
rCorr   .          Rampage  .   (gloves unavailable)
Will    ++...                   (boots unavailable)
Stlth   +++.......              e - amulet of regeneration
HPRegen 1.11/turn               a - ring of magical power
MPRegen 0.19/turn               j - ring of willpower

@: quick
A: very small, claws 1, fangs 3, see invisible, speed 1, shaggy fur 2, stealthy
paws, no weapons or thrown items, no armour, multi-lived
a: Renounce Religion, Potion Petition, Call Merchant, Bribe Branch


You were on level 8 of the Dungeon.
You worshipped Gozag.
Gozag was pleased with you.
You visited 2 branches of the dungeon, and saw 9 of its levels.
You also visited: Sewer.

You collected 999 gold pieces.
You paid 82 gold pieces to Gozag.

Inventory:

Jewellery
 a - a ring of magical power (left paw)
 e - an amulet of regeneration (around neck)
 j - a ring of willpower (right paw)
 k - a ring of positive energy
 m - a ring of wizardry
 v - a +4 ring of evasion
Wands
 h - a wand of flame (59)
 l - a wand of iceblast (7)
 u - a wand of paralysis (5)
Scrolls
 d - a scroll of amnesia
 p - 2 scrolls of teleportation
 r - a scroll of blinking
 w - a scroll of acquirement {unknown}
 x - a scroll of noise {unknown}
 y - a scroll of fog {unknown}
Potions
 b - a potion of lignification {unknown}
 c - 5 potions of haste
 f - a potion of curing
 g - a potion of invisibility
 i - 5 potions of heal wounds
 n - 4 potions of mutation
 o - a potion of brilliance {unknown}
 q - 2 potions of flight {unknown}
 s - 4 potions of might
 t - 3 potions of magic {unknown}


   Skills:
 + Level 3.0 Fighting
 + Level 5.0 Dodging
 + Level 5.2 Stealth
 + Level 4.1 Spellcasting
 + Level 9.2 Conjurations
 + Level 11.3 Hexes
 + Level 9.7 Translocations
 + Level 0.0 Fire Magic


You couldn't memorise any spells.
You knew the following spells:

 Your Spells              Type           Power      Damage    Failure   Level
a - Searing Ray           Conj           94%        3d6       1%          2
b - Fireball              Conj/Fire      13%        3d7       41%         5
c - Fulminant Prism       Conj/Hex       25%        3d14      1%          4
d - Iskenderun's Mystic   Conj/Tloc      48%        2d11      1%          4

Your spell library contained the following spells:

 Spells                   Type           Power      Damage    Failure   Level
 Apportation              Tloc           98%        N/A       1%          1
 Magic Dart               Conj           100%       1d8       1%          1
 Shock                    Conj/Air       100%       1d9       1%          1
 Ensorcelled Hibernation  Hex/Ice        60%        N/A       1%          2
 Slow                     Hex            54%        N/A       1%          2
 Confusing Touch          Hex            54%        N/A       1%          3
 Dazzling Flash           Conj/Hex       100%       N/A       1%          3
 Tukima's Dance           Hex            54%        N/A       1%          3
 Stone Arrow              Conj/Erth      50%        3d10      4%          3
 Leda's Liquefaction      Hex/Erth       15%        N/A       10%         4
 Animate Skeleton         Necr           8%         N/A       11%         1
 Sandblast                Erth           8%         2d5       11%         1
 Summon Small Mammal      Summ           16%        N/A       11%         1
 Passwall                 Tmut/Erth      3%         N/A       16%         2
 Call Canine Familiar     Summ           4%         N/A       30%         3
 Swiftness                Air            4%         N/A       30%         3
 Vampiric Draining        Necr           2%         2d6       30%         3
 Airstrike                Air            2%         N/A       71%         4
 Starburst                Conj/Fire      13%        6d5       94%         6
 Ignition                 Fire           2%         3d3       100%        8
 Portal Projectile        Hex/Tloc       Unusable   N/A       N/A         3

Dungeon Overview and Level Annotations

Branches:
Dungeon (8/15)             Temple (1/1) D:5           Sewer (visited)
   Lair: D:8-11

Altars:
Ashenzari
Cheibriados
Dithmenos
Elyvilon
Fedhas
Gozag
Hepliaklqana
Kikubaaqudgha
Makhleb
Nemelex Xobeh
Okawaru
Qazlal
Ru
Sif Muna
Trog
Uskayaw
Vehumet
Wu Jian
Xom
Yredelemnul
Zin
The Shining One

Shops:
D:3 [[**[


Innate Abilities, Weirdness & Mutations

You have sharp claws.
You have razor-sharp teeth.
You have supernaturally acute eyesight. (SInv)
You cover ground quickly. (Speed+)
You are covered in thick fur. (AC +2)
Your paws help you pounce on unaware monsters.
You are incapable of wielding weapons or throwing items.
You cannot wear armour.
You gain extra lives every three experience levels.


Message History

Your fulminant prism explodes!
You start resting.
Magic restored.
Casting: Fulminant Prism (dangerous; 1% risk of failure)
Confirm with . or Enter, or press ? or * to list all spells.
Okay, then.
Unknown command.
Casting: Fulminant Prism (dangerous; 1% risk of failure)
Confirm with . or Enter, or press ? or * to list all spells.
Aiming: Fulminant Prism (dangerous; 1% risk of failure)
Press: ? - help, Dir - move target You conjure a prism of explosive energy!
A fulminant prism comes into view.
The centaur warrior shoots an arrow.
The arrow hits you!!
Ouch! That really hurt!
* * * LOW HITPOINT WARNING * * *
The centaur warrior shoots an arrow.
The arrow closely misses you.
Casting: Fulminant Prism (dangerous; 1% risk of failure)
Confirm with . or Enter, or press ? or * to list all spells.
Aiming: Fulminant Prism (dangerous; 1% risk of failure)
Press: ? - help, Dir - move target You conjure a prism of explosive energy!
A fulminant prism comes into view.
You hear a loud crackle.
You hear an explosion!
Your fulminant prism crackles loudly.
Your fulminant prism explodes!
Casting: Fulminant Prism (dangerous; 1% risk of failure)
Confirm with . or Enter, or press ? or * to list all spells.
Aiming: Fulminant Prism (dangerous; 1% risk of failure)
Press: ? - help, Dir - move target You conjure a prism of explosive energy!
A fulminant prism comes into view.
The centaur warrior shoots an arrow.
The arrow hits your fulminant prism!!
Your fulminant prism detonates feebly.
The centaur warrior shoots an arrow.
The arrow barely misses you.
The centaur warrior shoots an arrow.
The arrow hits you!!
Ouch! That really hurt!
You die...
Your body crumbles into a pile of gold.

######### ## #.......# #####
.###.#####.# #...# .....#####)#
#...# ...........############...#
........#.......@.........#######
........#.####.....)......'......
.....*..#....'............#######
...........c##...................
.....###....##.........#)#######.
.....###....##........##.#####..<
.............................>...
.................(.....#.##.##...
#.............####.#.#.#.##.####.


You could see a centaur warrior.

Vanquished Creatures
  A two-headed ogre (D:8)
  A manticore (D:8)
  A cyclops (D:8)
  An ugly thing (D:8)
  Maggie (D:6)
  A gargoyle (D:8)
  A troll (D:6)
  Sigmund (D:5)
  A vampire (D:8)
  2 basilisks (D:8)
  4 water moccasins
  A black bear (D:6)
  2 ice beasts
  A hornet zombie (D:8)
  An orc warrior (D:4)
  A sky beast (D:7)
  4 centaurs
  2 ogres
  Blork the orc (D:6)
  3 bullfrogs (D:8)
  A wight (D:8)
  3 howler monkeys
  A bullfrog zombie (D:5)
  4 hounds
  A jelly (D:8)
  A gnoll shaman (D:8)
  A centaur skeleton (D:6)
  2 iguanas
  4 orc wizards
  A killer bee zombie (D:5)
  A howler monkey zombie (D:8)
  3 river rats (Sewer)
  5 adders
  3 white imps
  An ufetubus (D:4)
  3 worms (D:2)
  3 dart slugs
  12 orcs
  14 ball pythons
  7 endoplasms
  A giant cockroach (D:4)
  6 goblins
  6 hobgoblins
  3 quokkas
  5 bats
  13 frilled lizards
  11 kobolds
  14 rats
  A fulminant prism (D:5)
162 creatures vanquished.

Vanquished Creatures (others)
  78 fulminant prisms
  A fungus (D:2)
  4 plants
83 creatures vanquished.

Grand Total: 245 creatures vanquished

Notes
Turn   | Place    | Note
-------+----------+-------------------------------------------
     0 | D:1      | ooooo the Felid Conjurer began the quest for the Orb.
     0 | D:1      | Reached XP level 1. HP: 7/7 MP: 4/4
   437 | D:1      | Reached XP level 2. HP: 11/11 MP: 6/6
   695 | D:1      | Learned a level 2 spell: Searing Ray
  1193 | D:1      | Reached XP level 3. HP: 14/14 MP: 7/7
  2043 | D:2      | Found a faded altar of an unknown god.
  2131 | D:2      | Found a glowing silver altar of Zin.
  2195 | D:2      | Reached skill level 5 in Conjurations
  2275 | D:2      | Reached XP level 4. HP: 18/18 MP: 8/8
  2365 | D:2      | Learned a level 4 spell: Fulminant Prism
  2697 | D:3      | Found Ulappae's Assorted Antiques.
  2873 | D:3      | Found Fup Tobu's Armour Shoppe.
  3246 | D:3      | Found Toki's Armour Shop.
  3248 | D:3      | Reached skill level 1 in Hexes
  3340 | D:3      | Found Xaze's Armour Shop.
  3439 | D:3      | Found a hazy altar of Hepliaklqana.
  3497 | D:3      | Found Tihinots's Assorted Antiques.
  3778 | D:4      | Noticed an orc warrior
  3798 | D:4      | Killed an orc warrior
  3799 | D:4      | Reached skill level 3 in Hexes
  3799 | D:4      | Reached XP level 5. HP: 21/21 MP: 5/9
  3907 | D:4      | Noticed an ogre
  3911 | D:4      | Killed an ogre
  3912 | D:4      | Reached skill level 4 in Hexes
  3912 | D:4      | Gained mutation: You are covered in thick fur. (AC +2)
                  | [Felid growth]
  3912 | D:4      | Reached XP level 6. HP: 24/24 MP: 10/10
  4313 | D:5      | Entered Level 5 of the Dungeon
  4338 | D:5      | Noticed an ice beast
  4357 | D:5      | Killed an ice beast
  4358 | D:5      | Reached skill level 5 in Hexes
  4513 | D:5      | Reached skill level 6 in Hexes
  4529 | D:5      | Reached XP level 7. HP: 27/27 MP: 11/11
  4572 | D:5      | Learned a level 4 spell: Iskenderun's Mystic Blast
  4689 | D:5      | Found a glowing drain.
  4694 | Sewer    | Entered a sewer
  4748 | Sewer    | Reached skill level 1 in Translocations
  5544 | D:5      | Noticed Sigmund
  5613 | D:5      | Killed Sigmund
  5614 | D:5      | Reached skill level 7 in Hexes
  5824 | D:5      | Found a staircase to the Ecumenical Temple.
  5957 | Temple   | Entered the Ecumenical Temple
  6116 | Temple   | Became a worshipper of Gozag Ym Sagoz the Greedy
  6503 | D:5      | Found a staircase to the Ecumenical Temple.
  7175 | D:6      | Noticed a troll
  7177 | D:6      | Reached XP level 8. HP: 31/31 MP: 12/12
  7183 | D:6      | Killed a troll
  7184 | D:6      | Reached skill level 8 in Hexes
  7184 | D:6      | Reached skill level 5 in Translocations
  7355 | D:6      | Noticed Maggie
  7376 | D:6      | Killed Maggie
  7377 | D:6      | Reached skill level 9 in Hexes
  7874 | D:6      | Noticed Blork the orc
  7891 | D:6      | Killed Blork the orc
  8392 | D:6      | Found a glowing golden altar of the Shining One.
  8392 | D:6      | Found a radiant altar of Vehumet.
  8393 | D:6      | Found a sparkling altar of Nemelex Xobeh.
  8402 | D:6      | Reached XP level 9. HP: 34/34 MP: 13/13
  8567 | D:6      | Found a glowing silver altar of Zin.
  8568 | D:6      | Found a hide-covered altar of Uskayaw.
  8945 | D:7      | Reached skill level 10 in Hexes
  9932 | D:8      | Noticed a gargoyle
  9933 | D:8      | Noticed a boulder beetle
  9933 | D:8      | Noticed a manticore
  9933 | D:8      | Noticed a centaur warrior
  9933 | D:8      | Shot with an arrow by a centaur warrior
  9934 | D:8      | Reached XP level 8. HP: -3/31 MP: 1/22
 10001 | D:8      | Noticed a purple ugly thing
 10014 | D:8      | Killed a purple ugly thing
 10015 | D:8      | Reached skill level 1 in Fighting
 10152 | D:8      | Killed a manticore
 10153 | D:8      | Reached XP level 9. HP: 36/36 MP: 2/15
 10506 | D:8      | Noticed a two-headed ogre
 10518 | D:8      | Killed a two-headed ogre
 10519 | D:8      | Reached skill level 11 in Hexes
 10522 | D:8      | Killed a gargoyle
 10747 | D:8      | Noticed a cyclops
 10762 | D:8      | Killed a cyclops
 10763 | D:8      | Reached skill level 5 in Dodging
 10763 | D:8      | Reached skill level 5 in Stealth
 10763 | D:8      | Reached XP level 10. HP: 41/41 MP: 11/17
 10870 | D:8      | Shot with an arrow by a centaur warrior
 10871 | D:8      | Reached XP level 9. HP: -5/37 MP: 19/25
 10922 | D:8      | Shot with an arrow by a centaur warrior
 10923 | D:8      | Reached XP level 8. HP: -3/34 MP: 21/24
 11007 | D:8      | Learned a level 5 spell: Fireball
 11204 | D:8      | Shot with an arrow by a centaur warrior

Illustrated notes

Levels and vault maps discovered:
D:1:      dpeg_arrival_rooms_b, layout_loops_corners, minmay_cut_off
D:2:      minmay_skewed_foursquare, layout_loops_ring,
          shapermc_ecumenical_altar_mp_ritualfount, basic_altar,
          minmay_misc_feat_cross
D:3:      layout_basic, nzn_hepliaklqana_mist_gate, serial_shops,
          nicolae_shop_behind_doors, shop, nicolae_lakefront_shop,
          nicolae_shop_overgrown_old_shop, nicolae_shop_crystal
D:4:      cheibrodos_old_hovel, layout_rooms
D:5:      wad_pebble_path, layout_basic, temple_statues, portal_sewer_entry_e,
          minmay_hedge_maze, uniq_sigmund
D:6:      layout_loops_ring, grunt_temple_overflow_open, uniq_maggie,
          uniq_blork_the_orc
D:7:      layout_loops_ring
D:8:      minmay_the_grid_plus_closed [minmay_the_grid_eight,
          minmay_the_grid_stretched_grid, minmay_the_grid_embedded,
          minmay_the_grid_zigzag_pyramid, minmay_the_grid_prize_four_corners],
          layout_basic
Temple:   nicolae_temple_elliptical

Skill      XL: |  1  2  3  4  5  6  7  8  9 |
---------------+----------------------------+-----
Conjurations   | 4 5 6 7 8 9 |  9.2
Hexes          | 3 4 6 7 9 11 | 11.3
Translocations | 4 9 8 |  9.7
Spellcasting   | 3 4 |  4.1
Fighting       | 1 3 |  3.0
Dodging        | 3 5 |  5.0
Stealth        | 3 5 |  5.2

Action                   |  1- 3 |  4- 6 |  7- 9 | 10-12 || total
-------------------------+-------+-------+-------+-------++-------
Melee: Unarmed           |       |     1 |       |       ||     1
 Cast: Magic Dart        |    80 |     1 |       |       ||    81
       Searing Ray       |     5 |    29 |    51 |       ||    85
       Fulminant Prism   |       |     3 |    74 |     2 ||    79
Evoke: Wand              |       |       |     1 |       ||     1
  Use: Scroll            |       |     5 |     9 |       ||    14
Armor: Skin              |       |       |     3 |       ||     3
Dodge: Dodged            |     8 |    12 |    29 |       ||    49

Table legend: (Time is in decaauts)
 A = Elapsed time spent in this place.
 B = Non-inter-level travel time spent in this place.
 C = Inter-level travel time spent in this place.
 D = Time resting spent in this place.
 E = Time spent auto-exploring this place.
 F = Levels seen in this place.
 G = Mean time per level.
                   A        B        C        D        E       F      G
               +--------+--------+--------+--------+--------+-----+--------+
         Total |   9868 |   9613 |    255 |    954 |   7502 |  10 |  986.8 |
       Dungeon |   9173 |   8958 |    215 |    954 |   6966 |   8 | 1146.6 |
        Temple |    161 |    121 |     40 |      0 |    107 |   1 |  161.0 |
         Sewer |    533 |    533 |      0 |      0 |    428 |   1 |  533.0 |
               +--------+--------+--------+--------+--------+-----+--------+

Top non-repeatable levels by time:
     D:5: 1989 daAuts
     D:1: 1322 daAuts
     D:8: 1217 daAuts
     D:6: 1114 daAuts
     D:7: 1091 daAuts
     D:2: 1035 daAuts
     D:3: 820 daAuts
     D:4: 582 daAuts
   Sewer: 533 daAuts
  Temple: 161 daAuts
